 Dungeon Crawl Stone Soup version 0.21-a0-472-g223bcb9 (webtiles) character file.

1254 slep the Carver (level 8, -6/70 HPs)
             Began as a Minotaur Monk on Nov 22, 2017.
             Was a Believer of Okawaru.
             Mangled by an orc warrior
             ... wielding a cursed +0 scimitar
              (19 damage)
             ... on level 6 of the Dungeon.
             The game lasted 00:22:43 (5101 turns).

slep the Carver (Minotaur Monk)                     Turns: 5101, Time: 00:22:44

Health: -6/70      AC:  8    Str: 23    XL:     8   Next: 26%
Magic:  7/7        EV: 16    Int:  7    God:    Okawaru [**....]
Gold:   307        SH:  0    Dex: 16    Spells: 7/7 levels left

rFire    . . .     SeeInvis .   a - +0 falchion
rCold    . . .     Gourm    .   (no shield)
rNeg     . . .     Faith    .   q - +1 robe {MR+}
rPois    .         Spirit   .   (helmet restricted)
rElec    .         Reflect  .   (no cloak)
rCorr    .         Harm     .   d - +0 pair of gloves
MR       +....                  o - +0 pair of boots
Stlth    +++.......             (no amulet)
HPRegen  0.21/turn              w - +3 ring of dexterity
MPRegen  0.10/turn              v - +3 ring of protection

@: mighty
A: retaliatory headbutt, horns 2
a: Heroism, Renounce Religion


You were on level 6 of the Dungeon.
You worshipped Okawaru.
Okawaru was pleased with you.
You were hungry.

You visited 2 branches of the dungeon, and saw 7 of its levels.

You collected 307 gold pieces.

Inventory:

Hand Weapons
 a - a +0 falchion (weapon)
 r - a -2 short sword
 t - a +0 blowgun
Missiles
 n - a throwing net (quivered)
 u - 2 poisoned needles
Armour
 b - a +0 robe
 d - a +0 pair of gloves (worn)
 o - a +0 pair of boots (worn)
 q - a +1 robe of magic resistance (worn)
Magical Staves
 y - an uncursed staff of cold
Jewellery
 v - a +3 ring of protection (right hand)
 w - a +3 ring of dexterity (left hand)
Wands
 x - a wand of flame (22)
Scrolls
 e - a scroll of enchant armour {unknown}
 g - 4 scrolls of remove curse
 j - 2 scrolls of noise
 k - 5 scrolls of identify
 p - 4 scrolls of random uselessness {unknown}
 s - a scroll of fog {unknown}
Potions
 i - a potion of curing
 l - a potion of brilliance
 m - 2 potions of ambrosia
 A - a potion of haste {unknown}
Comestibles
 c - 3 bread rations
 f - 5 chunks of flesh


   Skills:
 + Level 6.2 Fighting
 + Level 8.9 Long Blades
 + Level 5.9 Dodging
 + Level 3.8 Stealth


You had 7 spell levels left.
You didn't know any spells.

Dungeon Overview and Level Annotations

Branches:
Dungeon (6/15)             Temple (1/1) D:5

Altars:
Ashenzari
Cheibriados
Dithmenos
Elyvilon
Fedhas
Hepliaklqana
Kikubaaqudgha
Makhleb
Nemelex Xobeh
Okawaru
Ru
Trog
Uskayaw
Vehumet
Wu Jian
Xom
Yredelemnul
The Shining One


Innate Abilities, Weirdness & Mutations

You reflexively headbutt those who attack you in melee.
You have a pair of horns on your head.


Message History

* * * LOW HITPOINT WARNING * * *
You feel better. The orc warrior barely misses you.
You riposte.
You hit the orc warrior but do no damage.
The orc warrior is severely wounded.
You barely miss the orc warrior.
The orc warrior is severely wounded.
The orc warrior closely misses you. You furiously retaliate!
You headbutt the orc warrior!
You hit the orc warrior but do no damage.
You headbutt the orc warrior, but do no damage.
The orc warrior is almost dead.
The orc warrior misses you.
You hit the orc warrior.
The orc warrior is almost dead.
The orc priest invokes the aid of Beogh against you.
Beogh smites you!
* * * LOW HITPOINT WARNING * * *
You feel very mighty all of a sudden.
The orc warrior hits you with a scimitar!!
You die...

#. .#.........
#.# .(........
#..##......%..
##
#..#.........
..
#...()......
#..##.......#
#..##o###.##
##.##oY##.##
#...@#.....#
#....#.....#
#....#.(...#
#..........#
#..........#
#....#.....#
####.#.....#
##..#..##.###
##..<........#


You could see an orc warrior, an ice beast and an orc priest.

Vanquished Creatures
  The ghost of Snicker the Chopper, an amateur MiGl (D:3)
  Duvessa (D:5)
  2 phantoms
  An ogre (D:5)
  A necrophage (D:5)
  Dowan (D:5)
  A scorpion (D:5)
  A howler monkey (D:4)
  A crimson imp (D:6)
  An orc wizard (D:5)
  A hound (D:4)
  A gnoll shaman (D:4)
  2 iguanas (D:5)
  A worker ant (D:5)
  Ijyb (D:5)
  2 hound skeletons
  4 gnolls (D:4)
  8 adders
  An ooze (D:3)
  4 worms
  2 dart slugs
  6 leopard geckos
  21 orcs
  8 giant cockroaches
  6 goblins
  12 hobgoblins
  3 jackals (D:5)
  8 kobolds
  3 quokkas
  2 ball pythons
  10 bats
  4 frilled lizards
  A quokka skeleton (D:3)
  13 rats
135 creatures vanquished.

Notes
Turn   | Place    | Note
-------+----------+-------------------------------------------
     0 | D:1      | slep the Minotaur Monk began the quest for the Orb.
     0 | D:1      | Reached XP level 1. HP: 19/19 MP: 0/0
   102 | D:1      | Reached skill level 4 in Long Blades
   102 | D:1      | Reached XP level 2. HP: 21/27 MP: 1/1
   739 | D:2      | Reached XP level 3. HP: 33/33 MP: 2/2
  1046 | D:2      | Reached XP level 4. HP: 41/41 MP: 3/3
  1364 | D:3      | Reached skill level 5 in Long Blades
  1847 | D:3      | Noticed Snicker's ghost (amateur MiGl)
  1851 | D:3      | Found a burning altar of Makhleb.
  1876 | D:3      | Killed Snicker's ghost
  1876 | D:3      | Reached skill level 6 in Long Blades
  1876 | D:3      | Reached XP level 5. HP: 9/47 MP: 4/4
  1876 | D:3      | Reached XP level 6. HP: 11/55 MP: 5/5
  1897 | D:3      | HP: 2/55 [poisoned by Snicker's ghost]
  1906 | D:3      | HP: 2/55 [poisoned by Snicker's ghost]
  1911 | D:3      | HP: 1/55 [poisoned by Snicker's ghost]
  1919 | D:3      | HP: 1/55 [poisoned by Snicker's ghost]
  2300 | D:3      | Reached skill level 5 in Fighting
  2746 | D:4      | Found a snail-covered altar of Cheibriados.
  2815 | D:4      | Reached skill level 5 in Dodging
  2980 | D:4      | Found a shadowy altar of Dithmenos.
  3246 | D:4      | Found a white marble altar of Elyvilon.
  3247 | D:4      | Found a hazy altar of Hepliaklqana.
  3299 | D:5      | Entered Level 5 of the Dungeon
  3299 | D:5      | Found a staircase to the Ecumenical Temple.
  3306 | Temple   | Entered the Ecumenical Temple
  3369 | Temple   | Became a worshipper of Warmaster Okawaru
  3369 | Temple   | Reached * piety under Okawaru
  3369 | Temple   | Reached ** piety under Okawaru
  3610 | D:4      | Reached skill level 7 in Long Blades
  3610 | D:4      | Reached XP level 7. HP: 46/61 MP: 6/6
  3665 | D:4      | You fall through a shaft!
  3695 | D:5      | Noticed Ijyb
  3712 | D:5      | Killed Ijyb
  3784 | D:5      | Found a sacrificial altar of Ru.
  3849 | D:5      | Reached skill level 8 in Long Blades
  4036 | D:5      | Reached *** piety under Okawaru
  4036 | D:5      | Reached XP level 8. HP: 43/70 MP: 7/7
  4212 | D:5      | Noticed Dowan
  4222 | D:5      | Noticed Duvessa
  4227 | D:5      | Killed Duvessa
  4228 | D:5      | Killed Dowan
  5101 | D:6      | Mangled by an orc warrior

Vault maps used:
D:1:      saegor_arrival_simple_d, minivault_27
D:3:      lemuel_coloured_pillars_altar, kennysheep_generic_room_13
D:4:      old_standard_altar, gammafunk_temple_overflow_statue, first_bread,
          minmay_item_behind_shaft, grunt_dithmenos_shadows
D:5:      kennysheep_mini_moat, minmay_temple_entry_overgrown, uniq_duvessa,
          uniq_ijyb
D:6:      grunt_gozag_statues
Temple:   regret_index_temple_waves

Skill      XL: |  1  2  3  4  5  6  7 |
---------------+----------------------+-----
Long Blades    | 4 6 7 8 |  8.9
Fighting       | 4 5 6 |  6.2
Dodging        | 4 5 |  5.9
Stealth        | 2 3 |  3.8

Action                   |  1- 3 |  4- 6 |  7- 9 || total
-------------------------+-------+-------+-------++-------
Melee: Falchion          |    79 |   172 |    96 ||   347
       Headbutt          |    14 |    34 |    26 ||    74
  Use: Scroll            |       |     6 |       ||     6
       Potion            |       |       |     7 ||     7
 Stab: Sleeping          |     4 |     2 |     7 ||    13
  Eat: Chunk             |     1 |     7 |     5 ||    13
Armor: Robe              |    17 |    39 |    17 ||    73
Dodge: Dodged            |    42 |   123 |    62 ||   227
       Rpst.: Falchion   |    10 |    32 |    21 ||    63

Table legend:
 A = Spawn XP
 B = Non-spawn XP
 C = Spawn XP percentage of total XP
 D = Spawn monster count
 E = Non-spawn monster count
 F = Spawn count percentage of total count
 G = Total turns spent on level
                    A         B        C        D         E        F      G
               +---------+---------+-------+---------+---------+-------+---------
         Total |       0 |    1792 |   0.0 |       0 |     135 |   0.0 |  5101
               +---------+---------+-------+---------+---------+-------+---------
           D:1 |       0 |      36 |   0.0 |       0 |      21 |   0.0 |   672
           D:2 |       0 |      74 |   0.0 |       0 |      27 |   0.0 |   638
           D:3 |       0 |     311 |   0.0 |       0 |      42 |   0.0 |  1334
           D:4 |       0 |     379 |   0.0 |       0 |      19 |   0.0 |  1315
           D:5 |       0 |     921 |   0.0 |       0 |      21 |   0.0 |   970
           D:6 |       0 |      71 |   0.0 |       0 |       5 |   0.0 |    71
               +---------+---------+-------+---------+---------+-------+---------
